Match 42974469
Unlisted

Match 42974469
End
Royal Engineer Section
Selects Indian Artillery Battlegroup
Construct Section Command Post
Infantry Section
ML 3-inch Mortar Team
Grenade Package
Construct Field Infirmary
Infantry Section
Selects Valour
Construct Platoon Command Post
Unlock M3 Stuart Light Tanks
Selects Valour
Selects Artillery Saturation
Selects Gurkha Rifles Section
M3 Stuart Light Tank
Selects Off-map Airburst Barrage
Infantry Training
Selects Off-map Airburst Barrage
Construct Company Command Post
6-pounder Anti-tank Gun Team
Off-map Airburst Barrage
Matilda II Heavy Tank
Off-map Airburst Barrage
Gurkha Rifles Section
Unlock Bishop Self-propelled Artillery
6-pounder Anti-tank Gun Team
Royal Engineer Section
Off-map Airburst Barrage
Unlock M3 Grant Medium Tanks
M3 Grant Medium Tank
Gurkha Rifles Section
Foot Guards Section
Off-map Airburst Barrage
Bishop Self-propelled Artillery
RUFiO.sK
admiral_gnar
Newguyiswinning
mahmoud.kiwan91
Mallis
bassguitar2345
お前絶対殺すマン
McVidelita
0
0

Comments sign in to comment!

No comments posted yet!